Map: Catalyst LE

Players

LiquidTLO (TLO)

  • Race: Zerg Zerg
  • Spawn Location: 11:00

DnS - Winner!

  • Race: Protoss Protoss
  • Spawn Location: 5:00

Event: WCS Leipzig 2018

VOD

Have the link to the VOD?

Description

Time

  • Played on: Jan. 26, 2018, 9:18 a.m.
  • Length: 8:39

All games in this series

Show
View Real Time Build Order
Export as new Build Order

LiquidTLO Zerg 

Build Orders: Pool First, Lurkers 

Get SALT Encoding   

  12  0:00  Drone  
  13  0:08  Drone  
  14  0:26  Spawning Pool  
  13  0:29  Drone  
  14  0:37  Overlord  
  14  0:46  Extractor  
  14  0:47  Drone  
  15  1:06  Hatchery  
  14  1:12  Zergling x2  
  14  1:13  Zergling x2  
  14  1:16  Extractor  
  16  1:18  Zergling x2  
  16  1:24  Drone  
  17  1:42  Queen  
  17  1:43  Overlord  
  19  1:48  Drone  
  20  1:56  Overlord  
  20  2:07  Drone  
  21  2:18  Queen  
  21  2:19  Drone  
  24  2:24  Drone  
  25  2:30  Metabolic Boost  
  25  2:36  Zergling x2  
  26  2:38  Drone  
  26  2:42  Drone  
  28  2:45  Drone  
  28  2:51  Overlord  
  29  2:58  Drone  
  29  2:59  Drone  
  29  3:02  Drone  
  32  3:06  Drone  
  32  3:11  Baneling Nest  
  32  3:16  Drone  
  34  3:20  Drone  
  34  3:22  Drone  
  34  3:26  Drone  
  34  3:27  Drone  
  34  3:30  Drone  
  34  3:33  Drone x2  
  39  3:36  Drone x2  
  39  3:39  Drone  
  42  3:41  Drone  
  42  3:48  Overlord  
  43  3:49  Drone  
  43  3:51  Drone  
  45  3:57  Zergling x2, Overlord  
  45  3:59  Drone  
  47  4:04  Spore Crawler  
  47  4:06  Spore Crawler  
  47  4:09  Lair  
  45  4:11  Drone  
  45  4:12  Drone  
  45  4:16  Drone, Extractor x2  
  46  4:18  Drone  
  46  4:20  Drone  
  46  4:24  Overlord  
  48  4:26  Drone  
  48  4:27  Drone  
  48  4:30  Drone, Extractor  
  50  4:32  Overlord  
  50  4:35  Drone  
  51  4:39  Overlord  
  51  4:40  Drone  
  51  4:43  Zergling x4  
  54  4:48  Zergling x2  
  54  4:49  Overlord  
  55  4:54  Drone  
  55  4:58  Zergling x2  
  56  5:00  Zergling x4  
  56  5:01  Zergling x2  
  56  5:05  Zergling x2  
  60  5:08  Zergling x2  
  60  5:09  Hydralisk Den  
  60  5:10  Zergling x4  
  60  5:13  Extractor  
  61  5:15  Zergling x2  
  63  5:22  Hatchery  
  63  5:25  Drone  
  63  5:29  Drone  
  63  5:30  Drone  
  63  5:32  Overlord  
  65  5:36  Drone  
  66  5:42  Muscular Augments  
  66  5:45  Hydralisk  
  66  5:47  Lurker Den  
  66  5:48  Hydralisk  
  66  5:49  Hydralisk  
  68  5:51  Hydralisk  
  68  5:54  Zergling x2  
  68  5:55  Zergling x2  
  66  5:58  Hydralisk  
  66  6:02  Hydralisk  
  70  6:04  Zergling x2  
  70  6:09  Zergling x4  
  70  6:10  Zergling x2  
  74  6:12  Zergling x2  
  74  6:13  Overlord  
  74  6:15  Overlord  
  74  6:16  Overseer  
  74  6:18  Overseer  
  75  6:21  Hydralisk  
  77  6:26  Hydralisk  
  77  6:31  Zergling x2  
  78  6:33  Zergling x2  
  78  6:35  Zergling x2, Hydralisk  
  78  6:36  Zergling x2  
  78  6:39  Hydralisk  
  80  6:41  Zergling x2  
  80  6:42  Zergling x2  
  80  6:43  Zergling x2  
  80  6:46  Zergling x4  
  87  6:50  Zergling x4  
  87  6:52  Zergling x2  
  90  6:56  Hydralisk  
  90  6:57  Zergling x2  
  93  7:01  Zergling x2  
  93  7:05  Zergling x2  
  95  7:09  Zergling x4  
  95  7:10  Zergling x2  
  95  7:12  Zergling x2  
  95  7:15  Lurker x2  
  101  7:16  Lurker x4  
  101  7:18  Lurker  
  101  7:19  Hydralisk  
  108  7:24  Hydralisk x2  
  108  7:28  Zergling x2  
  111  7:30  Overlord  
  111  7:32  Zergling x2  
  111  7:33  Zergling x2  
  112  7:44  Hydralisk  
  112  7:47  Hydralisk  
  108  7:51  Hydralisk  
  108  7:53  Hydralisk x2  
  108  7:54  Hydralisk  
  108  7:58  Hydralisk, Overlord  
  115  8:01  Zergling x4  
  115  8:04  Zergling x4  
  118  8:09  Zergling x2  
  118  8:11  Hydralisk  
  120  8:19  Zergling x2  
  105  8:21  Zergling x2  
Show
View Real Time Build Order
Export as new Build Order

DnS Protoss - Winner!

Build Orders: Phoenix Opening 

Get SALT Encoding   

  12  0:00  Probe  
  13  0:13  Probe  
  14  0:20  Pylon  
  14  0:25  Probe  
  15  0:39  Probe (Chrono Boost)  
  15  0:42  Gateway  
  16  0:48  Probe (Chrono Boost), Assimilator  
  17  0:53  Probe  
  18  1:05  Probe  
  19  1:17  Probe  
  20  1:28  Zealot (Chrono Boost)  
  20  1:30  Cybernetics Core  
  22  1:45  Pylon  
  21  1:47  Zealot (Chrono Boost), Gateway  
  23  2:03  Nexus  
  23  2:06  Probe  
  24  2:12  Adept (Chrono Boost)  
  26  2:21  Probe  
  27  2:25  Assimilator  
  27  2:28  Pylon  
  27  2:36  Probe  
  28  2:44  Warp Gate  
  28  2:48  Probe  
  29  2:51  Adept  
  31  3:00  Probe, Stargate  
  32  3:12  Adept, Probe  
  35  3:23  Probe (Chrono Boost)  
  35  3:25  Probe (Chrono Boost)  
  34  3:34  Probe (Chrono Boost)  
  34  3:36  Probe (Chrono Boost)  
  34  3:40  Probe (Chrono Boost)  
  34  3:41  Probe (Chrono Boost)  
  36  3:43  Pylon  
  36  3:45  Phoenix  
  39  3:49  Probe  
  39  3:50  Shield Battery  
  39  3:51  Probe  
  41  4:01  Probe  
  42  4:03  Gateway  
  42  4:04  Adept  
  42  4:05  Probe  
  45  4:10  Adept  
  45  4:14  Probe  
  45  4:16  Oracle (Chrono Boost)  
  48  4:17  Probe  
  52  4:26  Probe  
  52  4:28  Twilight Council  
  52  4:30  Probe  
  54  4:38  Probe, Pylon  
  54  4:42  Probe  
  56  4:49  Adept x2  
  56  4:50  Probe  
  61  4:54  Probe  
  61  4:56  Assimilator  
  62  5:00  Resonating Glaives (Chrono Boost)  
  62  5:08  Nexus  
  62  5:14  Pylon  
  62  5:18  Adept x3  
  68  5:23  Probe  
  68  5:24  Probe, Assimilator  
  70  5:40  Adept x3  
  77  5:42  Probe  
  77  5:43  Probe  
  76  5:57  Robotics Facility  
  76  6:00  Adept  
  78  6:06  Pylon  
  78  6:12  Gateway  
  78  6:15  Gateway  
  78  6:17  Gateway  
  78  6:19  Gateway  
  78  6:20  Probe x2, Sentry x2  
  78  6:21  Sentry  
  86  6:28  Probe  
  85  6:41  Gateway  
  85  6:42  Probe x2  
  85  6:43  Probe, Shield Battery  
  85  6:44  Shield Battery, Charge (Chrono Boost)  
  85  6:46  Observer (Chrono Boost)  
  87  6:50  Adept x3  
  93  6:55  Probe x3  
  93  7:00  Pylon x2  
  96  7:05  Immortal (Chrono Boost)  
  100  7:15  Pylon  
  100  7:24  Adept x6  
  112  7:37  Immortal (Chrono Boost)  
  116  7:44  Zealot  
  116  7:45  Zealot x3  
  124  7:56  Pylon  
  124  7:57  Pylon x2  
  124  7:59  Pylon  
  124  8:16  Zealot x8  
  116  8:39  Zealot  
Tags
 
Add a new tag
Caveats
  • Supply blocks, unpowered buildings, or Contaminate may cause inaccurate times.
  • Supply counts are checked every 10 seconds.